 Dungeon Crawl Stone Soup version 0.30.0-20-g3615ddf2f0 (webtiles) character file.

Game seed: 8297508310838726503

56 qw the Chopper (level 3, -8/23 HPs)
             Began as a Gargoyle Fighter on June 1, 2023.
             Killed from afar by Sigmund (10 damage)
             ... with a puff of flame
             ... on level 2 of the Dungeon.
             The game lasted 00:00:45 (1610 turns).

qw the Chopper (Gargoyle Fighter)                   Turns: 1610, Time: 00:00:46

Health: -8/23      AC: 10    Str: 21    XL:     3   Next: 97%
Magic:  3/3        EV:  9    Int:  8    God:
Gold:   90         SH:  4    Dex:  9    Spells: 2/2 levels left

rFire   . . .        Y - +0 war axe (chaos)
rCold   . . .        c - +0 buckler
rNeg    + . .        b - +0 scale mail
rPois   inf          (no helmet)
rElec   +            (no cloak)
rCorr   .            (no gloves)
SInv    .            (no boots)
Will    .....        (no amulet) Stlth
                     (no ring)
HPRegen 0.23/turn    (no ring)
MPRegen 0.08/turn

%: no passive effects
@: no status effects
A: sickness immunity, AC +3, negative energy resistance 1, electricity
resistance, torment resistance 1, petrification resistance
a: no special abilities


You were on level 2 of the Dungeon.
You visited 1 branch of the dungeon, and saw 2 of its levels.

You collected 90 gold pieces.


Innate Abilities, Weirdness & Mutations

You are immune to sickness and miasma.
Your stone body is resilient. (AC +3)
You are immune to poison.
You resist negative energy. (rN+)
You are resistant to electric shocks. (rElec)
You are resistant to unholy torment.
You are immune to petrification.


   Skills:
 - Level 3.2 Fighting
 + Level 3.7 Axes
 - Level 3.2 Armour
 - Level 3.2 Shields


You had 2 spell levels left.
You didn't know any spells.
Your spell library was empty.

Inventory:

Hand Weapons
 e - a +0 flail
 Y - a +0 war axe of chaos (weapon)
Missiles
 n - 5 boomerangs (quivered)
Armour
 b - a +0 scale mail (worn)
 c - a +0 buckler (worn)
Jewellery
 k - a +5 ring of evasion
Scrolls
 i - 2 scrolls of teleportation {unknown}
 j - a scroll of amnesia {unknown}
Potions
 a - a potion of lignification {unknown}
 d - 2 potions of might
 f - a potion of cancellation {unknown}
 g - a potion of flight {unknown}
 h - a potion of ambrosia {unknown}
 l - 3 potions of curing {unknown}

Dungeon Overview and Level Annotations

Branches:
Dungeon (2/15)

Altars:
Yredelemnul

Shops:
D:1 :   D:2 *

Annotations:
D:2 Sigmund


Message History

Enter note:
Enter note:
Enter note:
Enter note:
Enter note:
Enter note:
Enter note:
Enter note:
Enter note:
Enter note:
Enter note:
Enter note:
Enter note:
Enter note: Sigmund zaps a wand.
The puff of flame hits you but does no damage.
Enter note:
Enter note:
Enter note:
Enter note:
Enter note:
Enter note:
Enter note:
Enter note:
Enter note:
Enter note:
Enter note:
Enter note:
Enter note:
Enter note:
Enter note: You barely miss Sigmund.
Sigmund zaps a wand.
The puff of flame hits you.
You closely miss Sigmund.
Sigmund zaps a wand.
The puff of flame hits you!
Ouch! That really hurt!
You slash Sigmund!
Sigmund suddenly seems more resistant.
Sigmund is heavily wounded.
Sigmund zaps a wand.
The puff of flame hits you!
You die...

#########
#.......# ####
#.####.## ...#
#.##.@.# ...#
#.##@### ...#
#.##. ...#######
#.##. ###......#
#.##.
#.##.#####.##.
#.##.......##.
###'###########.
...........#


You could see Sigmund (resistant).

Vanquished Creatures
  An adder (D:2)
  3 dart slugs
  3 endoplasms
  3 giant cockroaches
  3 goblins
  8 hobgoblins
  2 quokkas (D:1)
  5 ball pythons
  6 bats (D:1)
  2 frilled lizards (D:1)
  2 kobolds (D:1)
  A rat (D:1)
39 creatures vanquished.

Notes
Turn   | Place    | Note
-------+----------+-------------------------------------------
     0 | D:1      | qw the Gargoyle Fighter began the quest for the Orb.
     0 | D:1      | Reached XP level 1. HP: 14/14 MP: 1/1
     0 | D:1      | 0 ||| qw: Version: 0.2-a-102-gdf20003
     0 | D:1      | 0 ||| qw: Game counter: 685
     0 | D:1      | 0 ||| qw: Always use a shield: true
     0 | D:1      | 0 ||| qw: God list: Okawaru
     0 | D:1      | 0 ||| qw: Allow faded altars: false
     0 | D:1      | 0 ||| qw: Do Orc after D:15 true
     0 | D:1      | 0 ||| qw: Do second Lair branch before Depths: true
     0 | D:1      | 0 ||| qw: Lair rune preference: random
     0 | D:1      | 0 ||| qw: Plans: Normal, Zot:1-4, Slime:5, God:TSO, Crypt,
                  | Tomb, Pan, Hells, Abyss, Win
     0 | D:1      | 0 ||| PLANNING D:1-11
    63 | D:1      | Reached XP level 2. HP: 19/19 MP: 2/2
   536 | D:1      | Reached skill level 3 in Axes
   569 | D:1      | Found Ridghox's Book Boutique.
   579 | D:1      | Reached XP level 3. HP: 16/23 MP: 3/3
  1064 | D:1      | 1064 ||| DROPPING orb of energy.
  1065 | D:1      | 1065 ||| READING scroll labelled GYMAFE HUOM.
  1066 | D:1      | 1066 ||| READING 2 scrolls labelled BYULIZ NEQAA.
  1067 | D:1      | 1067 ||| READING scroll of brand weapon.
  1067 | D:1      | 1067 ||| BRANDING +0 war axe of freezing.
  1068 | D:1      | 1068 ||| READING scroll labelled BIAVECW CATE.
  1069 | D:1      | 1069 ||| READING scroll labelled HOUPPO YRYADGH.
  1170 | D:2      | Found a basalt altar of Yredelemnul.
  1190 | D:2      | 1190 ||| Stepping ~*~*~tactically~*~*~ (stealth).
  1208 | D:2      | 1208 ||| DROPPING +0 whip.
  1372 | D:2      | Found Ifrog's General Store.
  1605 | D:2      | Noticed Sigmund
  1609 | D:2      | HP: 1/23 [Sigmund/puff of flame (12)]
  1610 | D:2      | Killed from afar by Sigmund

Levels and vault maps discovered:
D:1:      shiori_arrival_maze, layout_basic, serial_shops, shop,
          due_unseen_surprise
D:2:      minmay_razor_zed, layout_basic, basic_altar, serial_shops, shop,
          kennysheep_another_room, serial_park_tiny_2, uniq_sigmund

Skill      XL: |  1  2 |
---------------+-------+-----
Axes           | 2 3 |  3.7
Fighting       | |  3.2
Armour         | |  3.2
Shields        | |  3.2

Action                     || total
---------------------------++-------
  Melee: War axe           ||   120
  Throw: Boomerang         ||    10
    Use: Scroll            ||     5
 Armour: Scale mail        ||    68
  Dodge: Dodged            ||    41
  Block: Buckler           ||    15

Table legend:
 A = Non-vault XP
 B = Vault XP
 C = Vault XP percentage of total XP
 D = Non-vault monster count
 E = Vault monster count
 F = Vault count percentage of total count
                 A         B        C        D         E       F
            +---------+---------+-------+---------+---------+-------
      Total |      72 |       9 |  11.1 |      34 |       5 |  12.8
            +---------+---------+-------+---------+---------+-------
        D:1 |      47 |       3 |   6.0 |      27 |       2 |   6.9
        D:2 |      25 |       6 |  19.4 |       7 |       3 |  30.0
            +---------+---------+-------+---------+---------+-------
